 Dungeon Crawl Stone Soup version 0.18-a0-1577-gf591c28 (webtiles) character file.

91 Fartwhistle the Poker (level 4, 0/33 HPs)
             Began as a Merfolk Skald on Mar 22, 2016.
             Slain by an orc (3 damage)
             ... on level 3 of the Dungeon.
             The game lasted 00:05:41 (2650 turns).

Fartwhistle the Poker (Merfolk Skald)               Turns: 2650, Time: 00:05:42

Health: 0/33       AC:  5    Str: 13    XL:     4   Next: 59%
Magic:  7/7        EV: 10    Int: 11    God:
Gold:   109        SH:  0    Dex: 13    Spells: 2 memorised, 3 levels left

rFire  . . .     SeeInvis .     a - +0 spear
rCold  . . .     Gourm    .     r - +0 ring mail
rNeg   . . .     Faith    .     (no shield)
rPois  .         Spirit   .     (no helmet)
rElec  .         Dismiss  .     (no cloak)
rCorr  .         Reflect  .     (no gloves)
SustAt .         Harm     .     (no boots)
MR     .....                    (no amulet)
Stlth  +.........               (no ring)
                                (no ring)

@: not resistant to hostile enchantments, very unstealthy
A: change form in water, swift swim
a: no special abilities


You were on level 3 of the Dungeon.
You were not hungry.

You visited 1 branch of the dungeon, and saw 3 of its levels.

You collected 109 gold pieces.

Inventory:

Hand Weapons
 a - a +0 spear (weapon)
Missiles
 l - 7 tomahawks (quivered)
Armour
 r - a +0 ring mail (worn)
Scrolls
 e - a scroll of magic mapping {unknown}
 f - 3 scrolls of identify {unknown}
 h - a scroll of blinking {unknown}
 i - a scroll of fear {unknown}
 k - a scroll of fog {unknown}
 o - a scroll of remove curse {unknown}
Potions
 g - a potion of cancellation {unknown}
 j - 2 potions of might {unknown}
 m - 2 potions of magic {unknown}
 n - 3 potions of curing
Books
 c - a book of Battle

   Spells                             Type                      Level
   a - Infusion                       Charms                       1
   b - Shroud of Golubria             Charms/Translocation         2
   c - Song of Slaying                Charms                       2
   d - Spectral Weapon                Hexes/Charms                 3
   e - Regeneration                   Charms/Necromancy            3
Comestibles
 d - 4 bread rations
 q - a meat ration


   Skills:
 - Level 2.1 Fighting
 + Level 6.4 Polearms
 - Level 0.6 Armour
 - Level 1.3 Dodging
 + Level 2.0 Spellcasting
 + Level 3.5 Charms


You had 3 spell levels left.
You knew the following spells:

 Your Spells              Type           Power        Failure   Level  Hunger
a - Infusion              Chrm           #...         14%         1    ##.....
b - Regeneration          Chrm/Necr      #.........   88%         3    ####...


Dungeon Overview and Level Annotations

Branches:
Dungeon (3/15)

Altars:
Fedhas
Vehumet

Annotations:
D:2 Crazy Yiuf


Message History

You hit the jelly. The acid corrodes you!
Your hands burn!
The jelly is lightly wounded.
The jelly hits you.
You are splashed with acid!
The acid burns!
All of the chunks of flesh in your inventory have rotted away.
You hit the jelly.
Your hands burn!
The jelly is moderately wounded.
The jelly hits you.
You are splashed with acid!
The acid burns!
* * * LOW HITPOINT WARNING * * *
Your magical infusion is running out.
You are no longer magically infusing your attacks.
You are no longer corroded.
The orc barely misses you. The jelly hits you.
* * * LOW HITPOINT WARNING * * *
You are splashed with acid!
The acid corrodes you!
The acid burns!
* * * LOW HITPOINT WARNING * * *
The jelly completely misses you.
You are no longer corroded.
The orc hits you.
You die...

.......#.......#
.).....#.......##########
#.#..###.......#........#
#.....##.......#........#
###...##.......#........#
#.#.##.......#........#
###.#..#.......#J##...#####
.......+.......'.o.........
.>
.##.##.#.......#@......####
o. ....##.#.#######...#####
.. ######...###.......#
###### ..
#..........#<......#####....#
..
#.#####..#.#..........###o#.#
.. ..#
#.....##....(....###.#.###..
#.#
#.#.######.#......##.#...'..
###
#.#<....##........##.#####..
#+#..##.##........##.# ..


You could see a jelly and an orc.

Vanquished Creatures
  3 adders
  An ooze (D:2)
  2 worms (D:2)
  2 dart slugs
  A giant gecko (D:3)
  2 ball pythons (D:1)
  7 giant cockroaches
  4 goblins
  9 hobgoblins
  2 kobolds
  5 bats
  2 giant newts (D:1)
  5 rats
45 creatures vanquished.

Vanquished Creatures (others)
  An adder (D:2)
1 creature vanquished.

Grand Total: 46 creatures vanquished

Notes
Turn   | Place    | Note
--------------------------------------------------------------
     0 | D:1      | Fartwhistle the Merfolk Skald began the quest for the Orb.
     0 | D:1      | Reached XP level 1. HP: 16/16 MP: 3/3
   327 | D:1      | Reached skill level 4 in Polearms
   327 | D:1      | Reached XP level 2. HP: 12/22 MP: 5/5
   745 | D:1      | Reached skill level 5 in Polearms
   745 | D:1      | Reached XP level 3. HP: 24/27 MP: 6/6
  1257 | D:2      | Reached skill level 6 in Polearms
  1257 | D:2      | Reached XP level 4. HP: 11/33 MP: 7/7
  1768 | D:2      | Learned a level 3 spell: Regeneration
  1840 | D:2      | Found a blossoming altar of Fedhas.
  2131 | D:2      | Found a radiant altar of Vehumet.
  2416 | D:2      | Noticed Crazy Yiuf
  2650 | D:3      | Slain by an orc

Vault maps used:
D:1:      eino_arrival_water_cross
D:2:      fiery_altar_vehumet, lemuel_crystal_altar, uniq_crazy_yiuf_cottage
D:3:      corexii_shack

Skill      XL: |  1  2  3 |
---------------+----------+-----
Polearms       | 4 5 6 |  6.4
Fighting       | |  2.1
Armour         | |  0.6
Dodging        | |  1.3
Spellcasting   | |  2.0
Charms         | |  3.5

Action                   |  1- 3 |  4- 6 || total
-------------------------+-------+-------++-------
Melee: Spear             |   141 |    76 ||   217
 Cast: Infusion          |     5 |     3 ||     8
  Use: Potion            |     1 |       ||     1
 Stab: Sleeping          |     1 |       ||     1
  Eat: Chunk             |     1 |     5 ||     6
